Map: Magannatha LE

Players

Lambo - Winner!

  • Race: Zerg Zerg
  • Spawn Location: 5:00

Krystianer

  • Race: Protoss Protoss
  • League: Master
  • Spawn Location: 11:00

Event: FEL Cracov 2025

VOD

Have the link to the VOD?

Description

Time

  • Played on: July 27, 2025, 1:20 p.m.
  • Length: 11:26

All games in this series

Show
View Real Time Build Order
Export as new Build Order

Lambo Zerg - Winner!

Build Orders: Hatch First, Lurkers, Roach Hydra 

Get SALT Encoding   

  12  0:00  Drone  
  13  0:12  Overlord  
  13  0:16  Drone  
  14  0:30  Drone x2  
  14  0:34  Drone  
  17  0:45  Drone  
  18  0:53  Hatchery  
  17  1:00  Extractor  
  17  1:01  Drone  
  17  1:12  Spawning Pool  
  17  1:15  Drone  
  17  1:20  Drone  
  18  1:29  Drone  
  19  1:35  Extractor  
  19  1:39  Drone  
  19  1:50  Drone  
  20  1:58  Queen  
  22  2:03  Metabolic Boost  
  22  2:04  Queen  
  22  2:07  Zergling x2  
  25  2:11  Drone  
  25  2:13  Drone  
  27  2:17  Drone  
  28  2:35  Overlord  
  28  2:41  Extractor  
  27  2:46  Queen, Hatchery  
  27  2:51  Overlord  
  29  2:55  Drone x2  
  29  2:56  Zergling x2  
  29  2:58  Zergling x2  
  33  3:01  Zergling x2  
  34  3:07  Drone x2  
  34  3:09  Drone  
  34  3:11  Drone  
  34  3:12  Drone  
  39  3:16  Drone  
  39  3:17  Drone  
  41  3:22  Drone x2  
  41  3:26  Drone  
  44  3:32  Overlord  
  44  3:35  Spore Crawler  
  44  3:40  Queen, Spore Crawler  
  44  3:50  Overlord  
  44  3:52  Drone x3  
  44  3:55  Drone x4  
  51  4:01  Drone x4  
  55  4:08  Queen  
  57  4:11  Drone x2  
  57  4:12  Drone  
  57  4:15  Drone  
  61  4:20  Overlord  
  61  4:22  Drone  
  62  4:25  Spore Crawler  
  62  4:27  Drone  
  62  4:28  Drone x2  
  64  4:31  Drone x2  
  64  4:34  Overlord  
  66  4:39  Drone x3  
  69  4:46  Overlord  
  69  4:47  Roach Warren  
  69  4:49  Hatchery, Drone  
  69  4:52  Drone x2  
  70  4:53  Zergling x2  
  70  4:54  Extractor  
  70  4:56  Zergling x4  
  70  4:59  Zergling x6  
  74  5:03  Drone x2  
  74  5:06  Lair  
  76  5:10  Drone x2  
  76  5:13  Extractor, Drone  
  78  5:17  Overlord  
  78  5:20  Drone  
  79  5:22  Drone x2  
  79  5:25  Overlord  
  79  5:26  Overlord, Evolution Chamber  
  79  5:28  Overlord  
  80  5:29  Overlord  
  80  5:30  Overlord  
  80  5:32  Overlord, Spore Crawler  
  79  5:41  Drone, Extractor  
  79  5:43  Drone x5, Extractor  
  79  5:47  Drone x2  
  85  5:50  Drone  
  85  5:52  Drone x3, Extractor  
  85  5:53  Zerg Missile Weapons Level 1  
  88  5:59  Drone x5  
  88  6:01  Drone  
  94  6:04  Glial Reconstitution  
  94  6:05  Infestation Pit  
  94  6:06  Roach x3  
  99  6:12  Drone x3, Hydralisk Den  
  99  6:15  Spore Crawler  
  99  6:17  Drone  
  98  6:19  Drone  
  98  6:23  Roach x3  
  98  6:25  Drone x4  
  108  6:30  Drone x2  
  109  6:36  Drone x6  
  112  6:44  Roach x3, Extractor  
  112  6:46  Extractor, Hive, Grooved Spines  
  116  6:50  Lurker Den, Hydralisk  
  117  6:54  Hydralisk x2  
  117  6:59  Hydralisk  
  123  7:01  Hydralisk  
  123  7:03  Zergling x12  
  123  7:07  Roach x2  
  134  7:10  Roach x2  
  134  7:14  Roach x2, Spine Crawler  
  141  7:19  Roach  
  141  7:21  Overlord  
  142  7:23  Overlord x2  
  142  7:24  Queen  
  143  7:33  Overlord x2  
  143  7:35  Overlord x2  
  142  7:38  Muscular Augments  
  140  7:45  Hydralisk x6  
  140  7:49  Hydralisk x2  
  156  7:52  Hydralisk x2  
  156  7:57  Hydralisk x2  
  164  8:03  Hydralisk x3  
  168  8:08  Seismic Spines  
  168  8:09  Lurker x2  
  168  8:12  Lurker  
  171  8:13  Overseer  
  171  8:16  Zergling x2  
  171  8:17  Zergling x14  
  179  8:20  Zergling x8  
  179  8:22  Hydralisk  
  179  8:26  Hydralisk x2  
  185  8:28  Hydralisk  
  185  8:31  Zergling x6  
  188  8:41  Hydralisk x3  
  178  8:49  Hatchery  
  178  8:50  Lurker  
  178  8:51  Lurker  
  178  8:52  Lurker  
  178  8:53  Lurker  
  175  8:57  Zergling x14  
  176  9:04  Zergling x12  
  182  9:14  Zergling x6  
  185  9:22  Overlord  
  185  9:25  Adaptive Talons, Overlord  
  185  9:26  Lurker x2  
  185  9:31  Zergling x4  
  186  9:33  Overlord  
  186  9:35  Overlord  
  182  9:39  Zergling x2  
  182  9:40  Zergling x6  
  186  9:46  Hydralisk x4  
  193  9:55  Hydralisk x3  
  190  10:00  Hydralisk x6  
  190  10:04  Hydralisk  
  178  10:09  Hydralisk x2  
  174  10:15  Drone x3  
  174  10:16  Hydralisk  
  175  10:27  Zergling x10  
  180  10:28  Lurker  
  180  10:29  Lurker x4  
  180  10:31  Lurker  
  180  10:33  Overseer  
  183  10:45  Zergling x24  
  183  10:46  Lurker x3  
  183  10:47  Lurker  
  199  10:55  Spine Crawler  
  199  10:56  Spine Crawler  
  193  10:58  Zergling x14  
  193  11:02  Hatchery  
Show
View Real Time Build Order
Export as new Build Order

Krystianer Protoss 

Build Orders: 1 Gate Expand, Oracle Opening, Archon Immortal 

Get SALT Encoding   

  12  0:00  Probe  
  13  0:12  Probe  
  14  0:18  Pylon  
  14  0:23  Probe  
  15  0:32  Probe  
  15  0:38  Gateway  
  15  0:40  Probe  
  16  0:46  Assimilator  
  17  0:51  Probe  
  18  1:03  Probe  
  19  1:15  Probe  
  20  1:27  Nexus  
  20  1:33  Cybernetics Core  
  20  1:36  Probe  
  21  1:43  Pylon  
  21  1:48  Probe  
  22  1:59  Probe  
  22  2:00  Adept  
  23  2:07  Probe  
  23  2:15  Probe  
  27  2:23  Adept  
  27  2:26  Probe  
  28  2:34  Assimilator  
  30  2:39  Probe x2  
  32  2:45  Stargate  
  32  2:51  Probe x2  
  33  2:54  Adept  
  36  3:03  Probe  
  36  3:04  Probe  
  38  3:09  Warp Gate  
  38  3:15  Probe  
  38  3:16  Probe  
  40  3:22  Pylon  
  40  3:25  Oracle  
  40  3:27  Probe  
  40  3:28  Probe  
  45  3:37  Nexus  
  45  3:39  Probe  
  46  3:42  Gateway  
  46  3:44  Probe  
  47  3:49  Gateway  
  47  3:51  Probe  
  48  3:56  Assimilator, Probe  
  48  3:58  Assimilator, Pylon  
  48  3:59  Oracle  
  49  4:06  Probe  
  49  4:08  Probe  
  54  4:18  Probe  
  54  4:21  Probe  
  54  4:22  Twilight Council, Forge  
  56  4:30  Probe  
  57  4:34  Probe  
  58  4:40  Robotics Facility  
  58  4:42  Probe  
  58  4:43  Probe  
  58  4:45  Probe  
  59  4:47  Gateway  
  59  4:48  Gateway  
  59  4:51  Probe  
  61  4:53  Probe  
  61  4:54  Probe  
  61  4:58  Stalker, Protoss Ground Weapons Level 1  
  66  5:00  Probe  
  66  5:06  Probe  
  68  5:07  Probe  
  68  5:10  Templar Archives  
  68  5:12  Probe  
  70  5:19  Probe x2, Pylon  
  72  5:24  Charge  
  72  5:25  Gateway x2, Probe  
  72  5:27  Immortal  
  73  5:31  Probe  
  73  5:33  Probe, Assimilator  
  75  5:37  Assimilator  
  75  5:41  Probe  
  80  5:43  Probe  
  80  5:45  Probe, Pylon  
  82  5:56  Warp Prism, Gateway, Probe  
  83  5:57  Gateway  
  83  6:02  Gateway  
  83  6:07  Gateway  
  83  6:08  Pylon  
  83  6:09  High Templar x2  
  89  6:12  Pylon, Probe  
  89  6:13  Archon  
  90  6:19  Immortal  
  90  6:21  High Templar  
  90  6:24  Gateway  
  92  6:25  Gateway  
  92  6:27  Pylon  
  96  6:37  High Templar  
  96  6:38  High Templar x2  
  102  6:42  Archon x2  
  102  6:45  Zealot x2  
  102  6:47  Pylon  
  102  6:49  Immortal  
  102  6:51  Psionic Storm  
  102  6:54  Zealot x3  
  102  6:58  Pylon  
  102  6:59  Zealot  
  114  7:10  Protoss Ground Weapons Level 2  
  114  7:21  Zealot x5  
  124  7:22  Immortal  
  124  7:24  Pylon  
  124  7:27  High Templar  
  126  7:30  Shield Battery  
  126  7:35  Zealot x3  
  128  7:47  High Templar x2  
  128  7:49  Pylon  
  128  7:50  Pylon, Zealot x4  
  139  7:59  High Templar  
  139  8:00  Observer  
  139  8:09  Zealot x5  
  139  8:12  Immortal  
  146  8:19  Probe  
  149  8:30  Zealot x5  
  133  8:46  Observer, Zealot x5  
  133  8:47  Zealot  
  139  8:53  High Templar  
  139  8:54  High Templar x3, Zealot x2  
  144  8:56  Nexus  
  144  8:57  Pylon  
  144  8:59  Immortal  
  141  9:08  Zealot x5  
  145  9:16  Zealot  
  151  9:27  Zealot x5  
  159  9:32  Zealot x2  
  159  9:38  Immortal  
  145  9:39  High Templar x3  
  145  9:40  High Templar  
  145  9:42  Archon  
  145  9:44  Zealot, Archon  
  151  9:52  Probe  
  146  10:04  Archon  
  126  10:08  Immortal  
  126  10:11  High Templar  
  126  10:12  High Templar x2, Zealot x8  
  120  10:24  Robotics Facility  
  120  10:28  Probe x2  
  121  10:33  High Templar x2  
  126  10:37  Zealot x4  
  126  10:38  Archon  
  126  10:39  Immortal  
  134  10:48  Zealot x2  
  142  10:53  High Templar x2  
  144  10:57  Zealot x3  
  144  10:58  Archon  
  150  11:07  Zealot x5  
Tags
 
Add a new tag
Caveats
  • Supply blocks, unpowered buildings, or Contaminate may cause inaccurate times.
  • Supply counts are checked every 10 seconds.